Map: Rifts to Korhal

Players

Odin

  • Race: Protoss Protoss
  • League: Gold
  • Spawn Location: 7:00

Nahnutz

  • Race: Terran Terran

VOD

Have the link to the VOD?

Description

Time

  • Played on: Dec. 12, 2018, 10:45 p.m.
  • Length: 21:40
Show
View Real Time Build Order
Export as new Build Order

Odin Protoss 

Build Orders:  

Get SALT Encoding   

  12  1:07  Gateway  
  12  1:14  Pylon  
  12  1:18  Probe (Chrono Boost)  
  13  1:23  Assimilator  
  14  1:30  Probe (Chrono Boost)  
  14  1:34  Gateway  
  14  1:42  Probe (Chrono Boost)  
  14  1:45  Assimilator  
  15  1:54  Probe (Chrono Boost)  
  16  2:06  Probe (Chrono Boost)  
  17  2:13  Cybernetics Core  
  17  2:34  Probe (Chrono Boost)  
  18  2:46  Probe (Chrono Boost)  
  19  2:53  Zealot x2  
  19  2:58  Probe (Chrono Boost)  
  24  3:16  Probe (Chrono Boost)  
  25  3:24  Stargate  
  25  3:28  Probe (Chrono Boost)  
  27  3:40  Probe (Chrono Boost)  
  27  3:52  Probe (Chrono Boost)  
  28  4:04  Probe (Chrono Boost)  
  29  4:16  Probe (Chrono Boost)  
  30  4:27  Stargate  
  30  4:29  Probe (Chrono Boost)  
  31  4:41  Probe (Chrono Boost)  
  31  4:46  Nexus  
  32  5:14  Probe (Chrono Boost)  
  33  5:26  Probe (Chrono Boost)  
  34  5:38  Probe (Chrono Boost)  
  35  5:50  Probe (Chrono Boost)  
  35  5:53  Fleet Beacon  
  35  5:55  Assimilator  
  36  6:03  Probe (Chrono Boost)  
  36  6:04  Assimilator  
  37  6:12  Zealot  
  37  6:13  Zealot x3  
  45  6:32  Probe x2 (Chrono Boost)  
  47  6:44  Probe x2 (Chrono Boost)  
  49  6:56  Probe (Chrono Boost)  
  38  7:27  Phoenix x3  
  38  7:28  Anion Pulse-Crystals, Phoenix x3  
  50  8:09  Phoenix  
  52  8:31  Probe x2 (Chrono Boost)  
  54  8:43  Probe x2 (Chrono Boost)  
  56  8:55  Probe (Chrono Boost)  
  56  8:56  Pylon  
  57  9:17  Robotics Facility  
  57  9:23  Phoenix  
  57  9:24  Phoenix x3  
  65  10:07  Double Graviton Beam  
  65  10:10  Protoss Air Weapons Level 1  
  65  10:18  Cybernetics Core  
  65  10:20  Gateway  
  65  10:25  Gateway  
  65  10:27  Gateway  
  65  10:31  Gateway  
  65  10:34  Forge  
  65  10:36  Forge  
  65  10:39  Forge  
  65  11:01  Twilight Council  
  65  11:22  Phoenix x5  
  75  11:51  Phoenix x2  
  79  12:28  Phoenix x3  
  85  12:36  Probe (Chrono Boost)  
  85  12:37  Probe (Chrono Boost)  
  87  12:41  Charge  
  87  12:49  Probe x2 (Chrono Boost)  
  89  12:51  Protoss Ground Weapons Level 1  
  89  13:01  Probe (Chrono Boost)  
  90  13:12  Zealot x2  
  90  13:13  Zealot x5  
  90  13:14  Zealot x5  
  114  13:52  Protoss Ground Armor Level 1  
  114  13:53  Protoss Shields Level 1  
  114  13:54  Protoss Air Weapons Level 2, Protoss Air Armor Level 1  
  114  15:10  Whirlwind  
  114  15:18  Observer  
  115  15:59  Phoenix x2  
  119  16:00  Phoenix x4  
  125  16:51  Phoenix x2  
  125  16:59  Phoenix  
  131  17:14  Protoss Ground Weapons Level 2, Protoss Ground Armor Level 2  
  131  17:32  Zealot x3  
  131  17:33  Zealot x5  
  131  17:34  Zealot x4  
  131  17:35  Zealot x5  
  131  17:36  Zealot  
  165  17:47  Protoss Shields Level 2  
  165  17:48  Protoss Air Weapons Level 3  
  153  18:55  Zealot x9  
  153  18:56  Zealot x4  
  153  18:57  Zealot  
  181  19:11  Gateway  
  181  19:14  Gateway  
  181  19:17  Gateway  
  181  19:18  Gateway  
  181  19:21  Gateway  
  181  19:24  Gateway  
  181  19:42  Zealot  
  181  19:43  Zealot x7  
  181  19:44  Zealot  
  173  20:05  Zealot  
  173  20:06  Zealot x6  
Show
View Real Time Build Order
Export as new Build Order

Nahnutz Terran 

Build Orders:  

Get SALT Encoding   

  12  0:27  SCV  
  13  0:44  SCV  
  14  0:59  Refinery  
  14  1:00  SCV  
  15  1:17  SCV  
  16  1:34  SCV  
  16  1:38  Fixers Safehouse  
  17  1:51  SCV  
  18  2:08  SCV  
  19  2:12  Engineering Bay  
  19  2:25  SCV  
  20  2:42  SCV  
  21  2:59  SCV  
  22  3:01  Tychus  
  22  3:11  Refinery  
  22  3:15  Flashforce GDM Visor  
  22  3:16  SCV  
  22  3:17  Engineering Bay  
  23  3:27  Lt Layna Nikara  
  33  3:33  SCV  
  34  3:50  SCV  
  35  4:07  SCV  
  36  4:12  Command Center  
  36  4:24  SCV  
  37  4:41  Refinery, SCV  
  37  4:48  Refinery  
  38  4:58  SCV  
  39  5:15  SCV  
  39  5:19  Big Red Button  
  40  5:21  Outlaw Weapons Level 1  
  40  5:32  SCV  
  41  5:49  SCV  
  42  6:06  SCV  
  42  6:07  SCV  
  44  6:23  SCV  
  44  6:24  SCV  
  44  6:26  Medivac Platform  
  46  6:40  SCV  
  46  6:41  SCV  
  48  6:57  SCV  
  48  6:58  SCV  
  50  7:14  SCV  
  50  7:15  SCV  
  52  7:30  Gunslingers Hideout  
  52  7:40  Outlaw Life and Armor Level 1  
  52  7:41  ITC-E Triggers  
  52  8:03  Muscle Armory  
  52  8:04  James Sirius Sykes  
  62  8:28  SA-55 Thunderbolt Missiles  
  62  9:19  Outlaw Weapons Level 2  
  62  9:26  Medivac Platform  
  62  10:09  Outlaw Life and Armor Level 2  
  62  10:14  Procyon Serum  
  62  11:29  D99 Detonator, Moebius M34 Terror Rounds  
  62  12:01  Umojan Turret Frame  
  62  12:44  Rob Cannonball Boswell  
  72  13:21  Endurance Supplements  
  72  13:32  Procyon Twin Heal Beam Gauntlet  
  72  13:59  Vanadium Shell  
  72  14:03  Kel-Morian Ripper Rounds  
  72  15:04  Nux  
  82  16:03  Outlaw Weapons Level 3  
  82  16:04  Outlaw Life and Armor Level 3  
  82  17:40  Redline Power Cells  
  82  17:41  Critical Response System  
  82  17:42  X-71 Impact Boots  
  82  17:47  T4 Cloudburst Shells, Ultrasonic Boosters  
  82  18:50  Crystalline Amplifiers  
  82  18:53  Umojan Repair Nanites  
  82  20:55  XM-77 Matrix Generator, N3 Networking  
Tags
 
Commander
ArtanisTychus
League
Gold
Matchup
Co-op
Add a new tag
Caveats
  • Supply blocks, unpowered buildings, or Contaminate may cause inaccurate times.
  • Supply counts are checked every 10 seconds.